 Dungeon Sprint DCSS version 0.21-a0-400-g417d9d2 (webtiles) character file.

2330 Amnesiac the Unseen (level 9, 0/57 HPs)
             Began as a Demonspawn Earth Elementalist on Oct 20, 2017.
             Was a Priest of Dithmenos.
             Slain by a centaur warrior (7 damage)
             ... in the Dungeon (Sprint I: "Red Sonja").
             The game lasted 00:05:05 (657 turns).

Amnesiac the Unseen (Demonspawn Earth Elementalist)  Turns: 657, Time: 00:05:06

Health: 0/57       AC:  2    Str:  8    XL:     9   Next: 19%
Magic:  1/12       EV: 18    Int: 20    God:    Dithmenos [***...]
Gold:   620        SH:  0    Dex: 21    Spells: 5/12 levels left

rFire    . . .     SeeInvis .   i - +0 dagger
rCold    . . .     Gourm    .   (no shield)
rNeg     . . .     Faith    .   c - +0 robe
rPois    .         Spirit   .   (helmet restricted)
rElec    .         Reflect  .   (no cloak)
rCorr    .         Harm     .   (no gloves)
MR       .....     NoTele   +   (no boots)
Stlth    ++++++++++             (no amulet)
HPRegen  0.19/turn              (no ring)
MPRegen  0.13/turn              (no ring)

@: agile, very slightly contaminated, hasted, wreathed by umbra, very quick
A: antennae 2, thin skeletal structure 1, foul stench 1, rot immunity
a: Shadow Step, Renounce Religion


You were in the Dungeon.
You worshipped Dithmenos.
Dithmenos was most pleased with you.
You were very hungry.

You visited 1 branch You collected 620 gold pieces.

Inventory:

Hand Weapons
 i - a +0 dagger (weapon)
Missiles
 b - 53 stones (quivered)
Armour
 c - a +0 robe (worn)
Wands
 a - a wand of polymorph (12/24)
Scrolls
 j - a scroll of blinking {!r}
Potions
 h - 2 potions of magic {!q}
 l - a potion of agility {!q}
Books
 k - a book of Geomancy

   Spells                             Type                      Level
   a - Sandblast                      Earth                        1
   b - Passwall                       Transmutation/Earth          2
   c - Stone Arrow                    Conjuration/Earth            3
   d - Petrify                        Transmutation/Earth          4
   e - Lee's Rapid Deconstruction     Earth                        5
Comestibles
 d - 2 bread rations
 m - 4 fruits
 n - a meat ration


   Skills:
 - Level 12.3 Short Blades
 - Level 1.7 Dodging
 - Level 15.3 Stealth
 + Level 2.0 Spellcasting
 - Level 0.8 Transmutations
 * Level 2.6 Earth Magic


You had 5 spell levels left.
You knew the following spells:

 Your Spells              Type           Power        Failure   Level  Hunger
a - Sandblast             Erth           ##....       5%          1    #......
b - Passwall              Tmut/Erth      #.........   12%         2    ##.....
e - Petrify               Tmut/Erth      #.......     58%         4    #####..


Dungeon Overview and Level Annotations

Branches:
Dungeon (1/1)

Altars:
Cheibriados
Dithmenos
Elyvilon
Fedhas
Gozag
Hepliaklqana
Kikubaaqudgha
Makhleb
Nemelex Xobeh
Okawaru
Qazlal
Ru
Sif Muna
Trog
Uskayaw
Vehumet
Wu Jian
Xom
Yredelemnul
Zin
The Shining One
Jiyva
Lugonu

Shops:
D *


Innate Abilities, Weirdness & Mutations

You have a pair of antennae on your head.
You have a somewhat thin skeletal structure. (Dex +2, Stealth)
You may emit foul miasma when damaged in melee.
You are immune to rotting.


Message History

Aiming: Sandblast
Press: ? - help, Shift-Dir - straight line, f/p - centaur warrior
Aim: a centaur warrior (purple smoke, lightly wounded, sick, umbra)
You miscast Sandblast.
The floor vibrates.
The centaur warrior hits you!
Casting: Sandblast
Confirm with . or Enter, or press ? or * to list all spells.
Aiming: Sandblast
Press: ? - help, Shift-Dir - straight line, f/p - centaur warrior
Aim: a centaur warrior (purple smoke, lightly wounded, sick, umbra)
The blast of sand misses the centaur warrior.
b - 56 stones The centaur warrior hits you!
* * * LOW HITPOINT WARNING * * *
Casting: Sandblast
Confirm with . or Enter, or press ? or * to list all spells.
Aiming: Sandblast
Press: ? - help, Shift-Dir - straight line, f/p - centaur warrior
Aim: a centaur warrior (lightly wounded, sick, umbra)
The blast of sand hits the centaur warrior.
The centaur warrior is lightly wounded.
b - 55 stones The centaur warrior hits you.
* * * LOW HITPOINT WARNING * * *
Casting: Sandblast
Confirm with . or Enter, or press ? or * to list all spells.
Aiming: Sandblast
Press: ? - help, Shift-Dir - straight line, f/p - centaur warrior
Aim: a centaur warrior (purple smoke, lightly wounded, sick, umbra)
The blast of sand hits the centaur warrior.
The centaur warrior is moderately wounded.
b - 54 stones The centaur warrior hits you.
* * * LOW HITPOINT WARNING * * *
Casting: Sandblast
Confirm with . or Enter, or press ? or * to list all spells.
Aiming: Sandblast
Press: ? - help, Shift-Dir - straight line, f/p - centaur warrior
Aim: a centaur warrior (purple smoke, moderately wounded, sick, umbra)
The blast of sand hits the centaur warrior.
The centaur warrior is heavily wounded.
b - 53 stones The centaur warrior barely misses you.
Really quaff
e - a potion of curing {!q}?
You feel better. The centaur warrior hits you.
* * * LOW HITPOINT WARNING * * *
Really quaff
l - 2 green potions {!q}?
It was a potion of agility {!q}.
You feel agile all of a sudden. The centaur warrior misses you.
Wield which item (- for none, * to show all)? (? for menu, Esc to quit)
Okay, then.
The centaur warrior hits you!
* * * LOW HITPOINT WARNING * * *
Okay, then.
The centaur warrior misses you.
You see here a scroll labeled FEUSA BYKYCACK {!r}.
e - a scroll labeled FEUSA BYKYCACK {!r} The centaur warrior hits you.
* * * LOW HITPOINT WARNING * * *
Really read
e - a scroll labeled FEUSA BYKYCACK {!r}?
As you read the scroll labeled FEUSA BYKYCACK {!r}, it crumbles to dust.
You feel blessed for a moment.
It was a scroll of remove curse {!r}.
The centaur warrior hits you!
You die...

##############################
..+..#.)+..#__#..'..)#..#§§§.+{{{
..#.)+..#..'..'..#...##+#§####{{
####'#####'#__####)..+{{#§# {{
###..#...#.####§@#####{{+§#
__####..##.#§§§§c# ### {
_____##'#_.+§≈§§§+ {
_.∩...'..._#§§≈§§#
_..__##_.#+##+#### { _____###+#
#....# { ###### ##+### { {


You could see a centaur warrior.

Vanquished Creatures
  A centaur warrior (D)
  A lindwurm (D)
  2 kobold demonologists (D)
  A slime creature (D)
  Sigmund (D)
  A yak (D)
  A floating eye (D)
  An ogre (D)
  A jelly (D)
  Ijyb (D)
11 creatures vanquished.

Notes
Turn   | Place    | Note
-------+----------+-------------------------------------------
     0 | D        | Amnesiac the Demonspawn Earth Elementalist began the quest for the Orb.
     0 | D        | Reached XP level 1. HP: 13/13 MP: 3/3
     1 | D        | Noticed Ijyb
    13 | D        | Killed Ijyb
    13 | D        | Reached skill level 6 in Stealth
    13 | D        | Gained mutation: You have a somewhat thin skeletal structure. (Dex +2, Stealth) [demonic ancestry]
    13 | D        | Reached XP level 2. HP: 19/19 MP: 0/5
    91 | D        | Learned a level 2 spell: Passwall
    94 | D        | Noticed an ogre
    96 | D        | Killed an ogre
    96 | D        | Reached XP level 3. HP: 24/24 MP: 2/6
    96 | D        | Gained mutation: You have a pair of small antennae on your head. [demonic ancestry]
    96 | D        | Reached XP level 4. HP: 30/30 MP: 2/7
   102 | D        | Learned a level 4 spell: Petrify
   144 | D        | Found a stormy altar of Qazlal.
   144 | D        | Found a blossoming altar of Fedhas.
   144 | D        | Found a bloodstained altar of Trog.
   144 | D        | Found an iron altar of Okawaru.
   144 | D        | Found a glowing golden altar of the Shining One.
   144 | D        | Found Kiravag's General Store.
   144 | D        | Found a glowing silver altar of Zin.
   144 | D        | Found an ancient bone altar of Kikubaaqudgha.
   144 | D        | Found a white marble altar of Elyvilon.
   144 | D        | Found a hazy altar of Hepliaklqana.
   144 | D        | Found a hide-covered altar of Uskayaw.
   144 | D        | Found a basalt altar of Yredelemnul.
   144 | D        | Found a sparkling altar of Nemelex Xobeh.
   144 | D        | Found an opulent altar of Gozag.
   144 | D        | Found a snail-covered altar of Cheibriados.
   144 | D        | Found a sacrificial altar of Ru.
   144 | D        | Found a shadowy altar of Dithmenos.
   144 | D        | Noticed a yak
   144 | D        | Killed a yak
   144 | D        | Reached skill level 8 in Stealth
   144 | D        | Gained mutation: You are immune to rotting. [demonic ancestry]
   144 | D        | Reached XP level 5. HP: 35/35 MP: 5/8
   149 | D        | Became a worshipper of Dithmenos the Shadowed
   251 | D        | Noticed Sigmund
   251 | D        | Killed Sigmund
   251 | D        | Reached skill level 9 in Stealth
   251 | D        | Gained mutation: You may emit foul miasma when damaged in melee. [demonic ancestry]
   251 | D        | Reached XP level 6. HP: 41/41 MP: 5/9
   304 | D        | Found a viscous altar of Jiyva.
   304 | D        | Found a corrupted altar of Lugonu.
   304 | D        | Found a burning altar of Makhleb.
   304 | D        | Found a shimmering altar of Xom.
   304 | D        | Noticed a slime creature
   304 | D        | Killed a slime creature
   304 | D        | Reached * piety under Dithmenos
   304 | D        | Reached skill level 10 in Short Blades
   304 | D        | Reached skill level 10 in Stealth
   304 | D        | Gained mutation: You have a pair of antennae on your head. [demonic ancestry]
   304 | D        | Reached XP level 7. HP: 46/46 MP: 6/10
   352 | D        | Noticed a kobold demonologist
   352 | D        | Noticed a kobold demonologist
   352 | D        | Killed a kobold demonologist
   352 | D        | Reached skill level 11 in Stealth
   355 | D        | Killed a kobold demonologist
   355 | D        | Reached ** piety under Dithmenos
   355 | D        | Reached skill level 12 in Stealth
   355 | D        | Reached XP level 8. HP: 52/52 MP: 8/11
   431 | D        | Noticed a lindwurm
   431 | D        | Killed a lindwurm
   431 | D        | Reached skill level 13 in Stealth
   547 | D        | Found a deep blue altar of Sif Muna.
   548 | D        | Found an ornate altar of the Wu Jian Council.
   549 | D        | Found a radiant altar of Vehumet.
   641 | D        | Noticed a centaur warrior
   641 | D        | Noticed a centaur warrior
   641 | D        | Killed a centaur warrior
   641 | D        | Reached *** piety under Dithmenos
   641 | D        | Reached skill level 15 in Stealth
   641 | D        | Reached XP level 9. HP: 57/57 MP: 9/12
   657 | D        | Slain by a centaur warrior

Vault maps used:
D:        dungeon_sprint_1

Skill      XL: |  1  2  3  4  5  6  7  8 |
---------------+-------------------------+-----
Stealth        | 6 8 9 10 12 15 | 15.3
Short Blades   | 6 8 9 10 11 12 | 12.3
Dodging        | |  1.7
Spellcasting   | |  2.0
Transmutations | |  0.8
Earth Magic    | |  2.6

Action                   |  1- 3 |  4- 6 |  7- 9 || total
-------------------------+-------+-------+-------++-------
Melee: Unarmed           |     8 |       |       ||     8
       Dagger            |     2 |     3 |     6 ||    11
 Cast: Sandblast         |     3 |     1 |     5 ||     9
       Passwall          |     1 |     9 |    14 ||    24
  Use: Potion            |     1 |       |     4 ||     5
       Scroll            |       |       |     1 ||     1
 Stab: Sleeping          |     1 |     3 |     6 ||    10
Armor: Robe              |     1 |       |       ||     1
Dodge: Dodged            |     4 |       |     5 ||     9

Table legend:
 A = Spawn XP
 B = Non-spawn XP
 C = Spawn XP percentage of total XP
 D = Spawn monster count
 E = Non-spawn monster count
 F = Spawn count percentage of total count
 G = Total turns spent on level
                    A         B        C        D         E        F      G
               +---------+---------+-------+---------+---------+-------+---------
         Total |       0 |    3329 |   0.0 |       0 |      11 |   0.0 |   657
               +---------+---------+-------+---------+---------+-------+---------
             D |       0 |    3329 |   0.0 |       0 |      11 |   0.0 |   657
               +---------+---------+-------+---------+---------+-------+---------
